 Dungeon Crawl Stone Soup version 0.30.1-4-g462c640d31 (webtiles) character file.

Game seed: 17202635845062219775

32 Infernotoast the Magician (level 3, -2/25 HPs)
             Began as a Djinni Ice Elementalist on Aug 14, 2023.
             Slain by a worm (10 damage)
             ... on level 2 of the Dungeon.
             The game lasted 00:06:02 (924 turns).

Infernotoast the Magician (Djinni Ice Elementalist)  Turns: 924, Time: 00:06:03

Health: -2/25      AC:  2    Str:  7    XL:     3   Next: 42%
Gold:   74         EV: 12    Int: 18    God:
                   SH:  0    Dex: 13

rFire   + + .        c - +0 dagger
rCold   x . .        (no shield)
rNeg    . . .        a - +0 robe
rPois   ∞            (no helmet)
rElec   .            (no cloak)
rCorr   .            (no gloves)
SInv    .            (boots unavailable)
Will    .....        (no amulet)
Stlth   ++           (no ring)
HPRegen 0.24/turn    (no ring)
MPRegen 0.00/turn

%: infuse magic (-3 HP)
@: flying
A: sickness immunity, fire resistance 2, cold vulnerability 1, float, innate
caster, HP casting, extra vitality 1
a: no special abilities


You were on level 2 of the Dungeon.
You visited 1 branch of the dungeon, and saw 2 of its levels.

You collected 74 gold pieces.

Inventory:

Hand Weapons
 c - a +0 dagger (weapon)
Armour
 a - a +0 robe (worn)
 e - a +0 robe
Scrolls
 b - a scroll of immolation
 d - a scroll of identify
 f - a scroll of magic mapping {unknown}


   Skills:
 + Level 0.1 Short Blades
 + Level 2.3 Dodging
 + Level 1.5 Stealth
 + Level 3.9 Spellcasting


You knew the following spells:

 Your Spells              Type           Power      Damage    Failure   Level
a - Freeze                Ice            68%        1d8       3%          1
b - Frozen Ramparts       Ice            34%        1d6       9%          3
c - Ozocubu's Armour      Ice            17%        N/A       9%          3
d - Summon Ice Beast      Ice/Summ       17%        N/A       28%         4
e - Magic Dart            Conj           68%        1d6       3%          1
Your spell library was empty.

Dungeon Overview and Level Annotations

Branches:
Dungeon (2/15)

Altars:


Innate Abilities, Weirdness & Mutations

You are immune to sickness and miasma.
You are immune to poison.
Your flesh is very heat resistant. (rF++)
You are vulnerable to cold. (rC-)
You float through the air rather than walking.
You learn spells naturally, not from books.
Your magical power is your life essence.
You have superior vitality. (+4 MHP)


Message History

You see here a scroll of immolation.
b - a scroll of immolation
d - a scroll of identify You see here a +0 robe.
e - a +0 robe
f - a scroll labelled ZOM TASSO ZO MONG
There are no items here.
A rat comes into view.
A goblin and a bat come into view.
The goblin shouts!
The goblin unwields a +0 dagger.
The goblin wields a +0 sling.
The goblin shoots a sling bullet.
The sling bullet hits you.
The goblin shoots a sling bullet.
The sling bullet hits you. The bat completely misses you.
The bat hits you but does no damage. The bat barely misses you.
Aiming: Freeze (safe; 3% risk of failure)
Press: ? - help, Q - select action, (/) - cycle Shift-Dir - straight line, f - bat
Aim: a bat You freeze the bat.
You kill the bat!
Aiming: Freeze (safe; 3% risk of failure)
Press: ? - help, Q - select action, (/) - cycle Shift-Dir - straight line, f - rat
Aim: a rat You freeze the rat!
You kill the rat!
The goblin shoots a sling bullet.
The sling bullet hits you.
The goblin shoots a sling bullet.
The sling bullet hits you.
* * * LOW HITPOINT WARNING * * *
The goblin shoots a sling bullet.
The sling bullet closely misses you.
A worm comes into view.
The worm moves out of view.
Aiming: Freeze (safe; 3% risk of failure)
Press: ? - help, Q - select action, (/) - cycle Shift-Dir - straight line, f - worm
Aim: a worm You freeze the worm.
The worm is moderately wounded.
The goblin shoots a sling bullet.
The sling bullet hits you but does no damage.
The worm bites you!
You die...

..##.......#..##
#.......#....#..#
#..#..#.........#
#..#..#........##
#...#..._....+.#
#...#....#...#.#
#.....##..#....#
#.w#.........#.#
#.@.###..#..##..#
#..#...#.#...#..###
#.................#
#....(........[.#..
#........g♣...P..#.
######..P~~.~.~♣P..
#...~~~.~P~~♣.
#.P~~~≈≈~~~~~
#..~~.~≈g~~~~.


You could see a worm and a goblin.

Vanquished Creatures
  5 endoplasms
  A giant cockroach (D:1)
  4 goblins (D:1)
  4 hobgoblins
  3 jackals (D:1)
  A kobold (D:1)
  2 quokkas (D:1)
  A bat (D:2)
  A frilled lizard (D:1)
  5 rats
27 creatures vanquished.

Notes
Turn   | Place    | Note
-------+----------+-------------------------------------------
     0 | D:1      | Infernotoast the Djinni Ice Elementalist began the quest
                  | for the Orb.
     0 | D:1      | Infernotoast set off with the following spells memorised:
                  | Freeze, Frozen Ramparts, Ozocubu's Armour, Summon Ice
                  | Beast.
     0 | D:1      | Reached XP level 1. HP: 15/15 MP: 0/0
   145 | D:1      | Reached XP level 2. HP: 16/21 MP: 0/0
   476 | D:1      | Reached XP level 3. HP: 24/25 MP: 0/0
   476 | D:1      | Learned a level 1 spell: Magic Dart
   881 | D:2      | Found a faded altar of an unknown god.
   924 | D:2      | Slain by a worm

Illustrated notes

Levels and vault maps discovered:
D:1:      dpeg_arrival_leaves_temple_mockup, layout_basic,
          hangedman_decor_lopped, minmay_tetromino_s2
D:2:      layout_basic, hellmonk_ecumenical_altar_blasted, serial_bayou,
          serial_bayou_lake_a, serial_bayou_ford_a, serial_bayou_lagoon_a,
          serial_bayou_pond_e, serial_bayou_pond_b, serial_bayou_shore_b

Action                     || total
---------------------------++-------
  Melee: Dagger            ||     5
   Cast: Freeze            ||    42
    Use: Scroll            ||     2
         Potion            ||     2
 Armour: Robe              ||     3
  Dodge: Dodged            ||    22
